 Dungeon Crawl Stone Soup version 0.29-a0-219-g0a02b1cf4f (webtiles) character file.

Game seed: 2059712635025625812

17028 testman the Hand of Shadow (level 12, 0/96 HPs)
             Began as a Demonspawn Venom Mage on Feb 25, 2022.
             Was a High Priest of Dithmenos.
             Slain by a skeletal warrior
             ... wielding a +0 long sword
             ... led by a skeletal warrior
              (15 damage)
             ... on level 11 of the Dungeon.
             The game lasted 01:18:16 (14476 turns).

testman the Hand of Shadow (Demonspawn Venom Mage) Turns: 14476, Time: 01:18:17

Health: 0/96       AC: 19    Str: 16    XL:     12   Next: 15%
Magic:  23/23      EV: 11    Int: 20    God:    Dithmenos [*****.]
Gold:   574        SH:  0    Dex: 21    Spells: 9/25 levels left

rFire   . . .      SeeInvis .   J - +6 rapier "Liucuti" {vorpal, rElec rN+ Will- Str+7}
rCold   . . .      Faith    .   (no shield)
rNeg    + . .      Spirit   .   H - +0 swamp dragon scales
rPois   +          Reflect  .   m - +0 helmet
rElec   +          Harm     .   y - +0 cloak
rCorr   .          Rampage  .   (gloves unavailable)
Will    .....                   (no boots)
Stlth   +.........              i - amulet of magic regeneration
HPRegen 0.26/turn               c - ring of wizardry
MPRegen 0.58/turn               e - +6 ring of dexterity

@: confused, ambrosia-drunk, sanguine armoured, wreathed by umbra
A: demonic guardian 1, ignite blood 1, sanguine armour 2, demonic touch 3
a: Renounce Religion, Shadow Step, Shadow Form


You were on level 11 of the Dungeon.
You worshipped Dithmenos.
Dithmenos was extremely pleased with you.
You visited 1 branch of the dungeon, and saw 12 of its levels.

You collected 574 gold pieces.

Inventory:

Hand Weapons
 J - the +6 rapier "Liucuti" (weapon) {vorpal, rElec rN+ Will- Str+7}
   (You found it on level 8 of the Dungeon)

   It inflicts extra damage upon your enemies.
   Str:       It affects your strength (+7).
   rElec:     It insulates you from electricity.
   rN:        It protects you from negative energy.
   Will:      It decreases your willpower.
Missiles
 b - 393 stones
 A - 2 curare-tipped darts
 I - 5 boomerangs
 P - 5 javelins
Armour
 m - a +0 helmet (worn)
 y - a +0 cloak (worn)
 E - a +0 robe of willpower
 H - +0 swamp dragon scales (worn)
Jewellery
 a - a ring of ice
 c - a ring of wizardry (left hand)
 e - a +6 ring of dexterity (right hand)
 i - an amulet of magic regeneration (around neck)
 t - an amulet of guardian spirit
 O - a +4 ring of protection
Wands
 q - a wand of mindburst (7)
 r - a wand of iceblast (12)
 G - a wand of paralysis (14)
 L - a wand of polymorph (17)
 N - a wand of flame (33)
 T - a wand of digging (7)
Scrolls
 j - 3 scrolls of immolation
 p - 2 scrolls of magic mapping
 u - 2 scrolls of fear
 v - 3 scrolls of amnesia
 z - a scroll of teleportation
 B - 2 scrolls of brand weapon {unknown}
 C - a scroll of holy word {unknown}
 F - a scroll of vulnerability {unknown}
 Q - 2 scrolls of enchant armour {unknown}
 R - a scroll of silence {unknown}
Potions
 d - 2 potions of cancellation
 f - 2 potions of ambrosia
 g - a potion of flight
 h - a potion of attraction
 k - 3 potions of brilliance
 n - 3 potions of berserk rage
 o - 3 potions of curing
 s - 2 potions of might
 x - a potion of resistance
 D - 2 potions of invisibility {unknown}
 K - 2 potions of heal wounds {unknown}
 M - a potion of magic {unknown}
Miscellaneous
 S - a phial of floods


   Skills:
 + Level 9.5 Fighting
 + Level 7.4 Short Blades
 - Level 4.0 Armour
 - Level 2.0 Dodging
 - Level 5.5 Stealth
 + Level 7.4 Spellcasting
 + Level 5.4 Transmutations
 - Level 2.0 Fire Magic
 - Level 2.2 Air Magic
 - Level 6.0 Poison Magic
 + Level 10.3 Invocations


You had 9 spell levels left.
You knew the following spells:

 Your Spells              Type           Power      Damage    Failure   Level
a - Sting                 Tmut/Pois      100%       1d8       1%          1
b - Poisonous Vapours     Pois/Air       46%        N/A       1%          2
c - Ignite Poison         Fire/Tmut/Pois 25%        N/A       3%          3
d - Olgreb's Toxic Radia  Pois           31%        N/A       6%          4
e - Mephitic Cloud        Conj/Pois/Air  18%        N/A       6%          3
f - Swiftness             Air            16%        N/A       8%          3

Your spell library contained the following spells:

 Spells                   Type           Power      Damage    Failure   Level
 Passwall                 Tmut/Erth      15%        N/A       3%          2
 Apportation              Tloc           14%        N/A       6%          1
 Sandblast                Erth           14%        2d6       6%          1
 Ensorcelled Hibernation  Hex/Ice        14%        N/A       10%         2
 Conjure Flame            Conj/Fire      11%        6-21      13%         3
 Alistair's Intoxication  Tmut/Pois      20%        N/A       17%         5
 Stone Arrow              Conj/Erth      14%        3d7       19%         3
 Sticky Flame             Conj/Fire      11%        2d3       38%         4
 Animate Armour           Summ/Erth      14%        N/A       52%         4
 Lehudib's Crystal Spear  Conj/Erth      3%         10d3      100%        8


Dungeon Overview and Level Annotations

Branches:
Dungeon (12/15)            Temple (0/1) D:4            Lair (0/6) D:8
    Orc (0/2) D:12

Altars:
Cheibriados
Dithmenos
Elyvilon
Fedhas
Gozag
Makhleb
Nemelex Xobeh
Okawaru
Qazlal
Ru
Sif Muna
Trog
Uskayaw
Vehumet
Yredelemnul
Zin

Shops:
D:5 (   D:9 *

Annotations:
D:3 1 runed translucent door


Innate Abilities, Weirdness & Mutations

A weak demonic guardian rushes to your aid.
Your demonic aura sometimes causes spilled blood to erupt in flames.
When seriously injured, your blood forms thick armour. (AC +9)
Your touch may irresistibly damage your foes and sap their willpower.


Message History

Your blood congeals into armour.
There is a stone staircase leading up, spattered with blood here.
The skeletal warrior misses you.
The skeletal warrior hits you with a +0 long sword!!
The skeletal warrior hits you but does no damage.
You climb upwards.
There is a stone staircase leading down here.
Okay, then.
Casting: Ignite Poison (mildly dangerous; 3% risk of failure)
Confirm with . or Enter, or press ? or * to list all spells.
Okay, then.
Okay, then.
Okay, then.
As you read the scroll labelled WEAROGRUMU, it crumbles to dust.
You assume a fearsome visage.
The skeletal warrior is unaffected. x2
It was a scroll of fear.
The skeletal warrior hits you but does no damage.
The skeletal warrior hits you with a +0 long sword!
* * * LOW HITPOINT WARNING * * *
You hit the skeletal warrior.
The skeletal warrior is lightly damaged.
The skeletal warrior hits you but does no damage.
You puncture the skeletal warrior!
You touch the skeletal warrior.
You sap its willpower!
The skeletal warrior is moderately damaged.
Your shadow barely misses the skeletal warrior.
The skeletal warrior hits you with a +0 long sword.
* * * LOW HITPOINT WARNING * * *
The skeletal warrior hits you but does no damage.
This is a scroll of acquirement!
Something appears at your feet!
The skeletal warrior hits you with a +0 long sword.
* * * LOW HITPOINT WARNING * * *
The skeletal warrior hits you with a +0 flail!
* * * LOW HITPOINT WARNING * * *
A demonic guardian appears!
You are confused.
You feel invigorated.
The skeletal warrior hits you with a +0 long sword!
You die...

#...................#
#..###########.......
##.# ##....### #.#
#....## # #.###
#....# #...# #....#
###4# #....## #z###
#.....### #@z.#
#........ ###.#
#.......# #.##
#....##.# #..#
###....##.. ##.#
#...######. ###.#
#.### ## ##...###.#
##. ##.....##.# ##..
#.......#.# #..#


You could see 2 skeletal warriors and a friendly hellwing (summoned).

Vanquished Creatures
  A hydra (D:8)
  A boulder beetle (D:12)
  2 two-headed ogres
  A glowing orange brain (D:10)
  Pikel (D:8)
  A cyclops (D:11)
  Joseph (D:7)
  Maggie (D:7)
  Psyche (D:8)
  A komodo dragon (D:10)
  An unseen horror (D:11)
  A troll (D:11)
  Grinder (D:4)
  2 dream sheep (D:8)
  2 slime creatures (D:9)
  2 wyverns
  9 spriggans (D:9)
  2 wraiths
  16 yaks
  A steam dragon (D:7)
  Menkaure (D:7)
  3 wargs (D:8)
  Duvessa (D:7)
  A water moccasin (D:7)
  3 orc warriors
  A black bear (D:5)
  2 sky beasts
  5 ogres
  4 centaurs
  2 phantoms
  6 kobold brigands
  7 bullfrogs
  2 scorpions
  A gnoll sergeant (D:8)
  Dowan (D:7)
  11 killer bees
  13 wights
  3 electric eels (D:10)
  8 howler monkeys
  A jelly (D:6)
  4 hounds
  7 orc priests
  A gnoll shaman (D:6)
  5 iguanas
  Natasha (thrice) (D:3)
  13 orc wizards
  The ghost of circuitbored the Grave Robber, a weakling TrNe (D:3)
  3 gnolls (D:6)
  4 adders
  2 river rats (D:3)
  2 shadow imps
  2 white imps
  An adder zombie (D:3)
  3 worms
  32 orcs
  7 ball pythons
  8 bats
  9 endoplasms
  5 giant cockroaches
  8 goblins
  5 hobgoblins
  3 jackals (D:4)
  3 quokkas
  7 frilled lizards
  A giant cockroach zombie (D:3)
  15 kobolds
  4 rats
282 creatures vanquished.

Vanquished Creatures (collateral kills)
  2 slime creatures (D:9)
  A wight (D:9)
3 creatures vanquished.

Vanquished Creatures (others)
  4 plants (D:6)
4 creatures vanquished.

Grand Total: 289 creatures vanquished

Notes
Turn   | Place    | Note
-------+----------+-------------------------------------------
     0 | D:1      | testman the Demonspawn Venom Mage began the quest for the
                  | Orb.
     0 | D:1      | Reached XP level 1. HP: 13/13 MP: 3/3
    52 | D:1      | Reached skill level 1 in Transmutations
   355 | D:1      | Gained mutation: Your touch may inflict minor irresistible
                  | damage on your foes. [demonic ancestry]
   355 | D:1      | Reached XP level 2. HP: 14/19 MP: 0/5
  1627 | D:2      | Gained mutation: Your touch may inflict irresistible damage
                  | on your foes. [demonic ancestry]
  1627 | D:2      | Reached XP level 3. HP: 21/24 MP: 6/6
  1750 | D:2      | Found a faded altar of an unknown god.
  1757 | D:2      | Prayed at the altar of an unknown god.
  1757 | D:2      | Became a worshipper of Dithmenos the Shadowed
  1757 | D:2      | Reached * piety under Dithmenos
  2282 | D:2      | Learned a level 2 spell: Poisonous Vapours
  2286 | D:2      | Learned a level 3 spell: Ignite Poison
  2568 | D:3      | Found a runed translucent door.
  2573 | D:3      | Noticed circuitbored's ghost (weakling TrNe)
  2586 | D:3      | Killed circuitbored's ghost
  2587 | D:3      | Reached XP level 4. HP: 5/30 MP: 7/7
  2600 | D:3      | Reached skill level 1 in Fire Magic
  2600 | D:3      | Reached skill level 1 in Air Magic
  2886 | D:3      | Found a runed translucent door.
  3354 | D:3      | Noticed Natasha
  3358 | D:3      | Killed Natasha
  3358 | D:3      | Reached ** piety under Dithmenos
  3359 | D:3      | Gained mutation: Your demonic aura sometimes causes spilled
                  | blood to erupt in flames. [demonic ancestry]
  3359 | D:3      | Reached XP level 5. HP: 35/35 MP: 1/8
  3437 | D:3      | Noticed Natasha
  3440 | D:3      | Killed Natasha
  3441 | D:3      | Reached skill level 5 in Poison Magic
  3527 | D:3      | Found a basalt altar of Yredelemnul.
  3900 | D:3      | Noticed Natasha
  3903 | D:3      | Killed Natasha
  4099 | D:4      | Found a staircase to the Ecumenical Temple.
  4123 | D:4      | Reached XP level 6. HP: 42/42 MP: 3/9
  4185 | D:4      | Reached skill level 1 in Fighting
  4677 | D:4      | Noticed a wyvern
  4708 | D:4      | Killed a wyvern
  4709 | D:4      | Reached XP level 7. HP: 26/52 MP: 2/12
  4904 | D:4      | Noticed Grinder
  4904 | D:4      | Paralysed by Grinder for 2 turns
  4920 | D:4      | Killed Grinder
  5138 | D:5      | Entered Level 5 of the Dungeon
  5198 | D:5      | Learned a level 4 spell: Olgreb's Toxic Radiance
  5203 | D:5      | Gained mutation: A weak demonic guardian rushes to your
                  | aid. [demonic ancestry]
  5203 | D:5      | Reached XP level 8. HP: 61/61 MP: 7/15
  5232 | D:5      | Learned a level 3 spell: Mephitic Cloud
  5236 | D:5      | Learned a level 3 spell: Swiftness
  5260 | D:5      | Found Gats's Weapon Shoppe.
  5285 | D:5      | Reached skill level 5 in Spellcasting
  5287 | D:5      | Reached skill level 1 in Short Blades
  5340 | D:5      | Found a shadowy altar of Dithmenos.
  5353 | D:5      | Reached *** piety under Dithmenos
  5450 | D:5      | Found a bloodstained altar of Trog.
  5645 | D:5      | Found a snail-covered altar of Cheibriados.
  5660 | D:5      | Reached skill level 5 in Fighting
  5859 | D:6      | Reached skill level 1 in Invocations
  5957 | D:6      | Reached skill level 2 in Invocations
  5958 | D:6      | HP: 1/58 [wight/+4 scimitar (5)]
  6547 | D:6      | Found a blossoming altar of Fedhas.
  6937 | D:6      | Reached skill level 3 in Invocations
  7140 | D:6      | Reached XP level 9. HP: 68/69 MP: 9/16
  7680 | D:7      | Reached skill level 4 in Invocations
  7783 | D:7      | Noticed Joseph
  7799 | D:7      | Killed Joseph
  7800 | D:7      | Reached skill level 5 in Invocations
  8146 | D:7      | Noticed Menkaure
  8160 | D:7      | Killed Menkaure
  8161 | D:7      | Reached skill level 5 in Stealth
  8425 | D:7      | Noticed Dowan
  8426 | D:7      | Noticed Duvessa
  8428 | D:7      | Noticed Maggie
  8429 | D:7      | Killed Dowan
  8432 | D:7      | Killed Duvessa
  8433 | D:7      | Reached skill level 6 in Invocations
  8438 | D:7      | Killed Maggie
  8647 | D:7      | Gained mutation: When seriously injured, your blood forms
                  | armour. (AC +9) [demonic ancestry]
  8647 | D:7      | Reached XP level 10. HP: 79/79 MP: 10/17
  8729 | D:7      | Found a sacrificial altar of Ru.
  9016 | D:7      | Found an opulent altar of Gozag.
  9016 | D:7      | Found a sparkling altar of Nemelex Xobeh.
  9074 | D:8      | Reached **** piety under Dithmenos
  9194 | D:8      | Noticed a +0 spear
  9195 | D:8      | Noticed a +0 falchion
  9197 | D:8      | Noticed a +0 short sword
  9197 | D:8      | Noticed a +0 dagger
  9197 | D:8      | Noticed a +0 short sword
  9198 | D:8      | Noticed a +0 spear
  9200 | D:8      | Noticed a +0 falchion
  9200 | D:8      | Noticed a +0 dagger
  9202 | D:8      | Found a hide-covered altar of Uskayaw.
  9218 | D:8      | Identified the +6 rapier "Liucuti" {vorpal, rElec rN+ Will-
                  | Str+7}
  9281 | D:8      | Reached skill level 5 in Short Blades
  9281 | D:8      | Reached skill level 1 in Armour
  9381 | D:8      | Noticed a three-headed hydra
  9390 | D:8      | Killed a three-headed hydra
  9391 | D:8      | Reached skill level 7 in Invocations
  9660 | D:8      | Found a staircase to the Lair.
  9794 | D:8      | Noticed Pikel
  9796 | D:8      | Killed Pikel
  9797 | D:8      | Reached skill level 8 in Invocations
  9866 | D:8      | Found a stormy altar of Qazlal.
 10064 | D:8      | Noticed Psyche
 10162 | D:8      | Identified the +7 short sword "Zuggae Qires" {flame, Will+}
 10252 | D:8      | Killed Psyche
 10252 | D:8      | Reached ***** piety under Dithmenos
 10253 | D:8      | Gained mutation: When seriously injured, your blood forms
                  | thick armour. (AC +9) [demonic ancestry]
 10253 | D:8      | Reached XP level 11. HP: 86/86 MP: 10/20
 10312 | D:8      | Found a burning altar of Makhleb.
 10481 | D:9      | Found Uhimma's Assorted Antiques.
 10603 | D:9      | Noticed a two-headed ogre
 10609 | D:9      | Killed a two-headed ogre
 10939 | D:9      | Reached skill level 9 in Invocations
 11269 | D:9      | Found a shimmering blue altar of Sif Muna.
 11941 | D:9      | Found a radiant altar of Vehumet.
 12057 | D:10     | Entered Level 10 of the Dungeon
 12438 | D:10     | Found an iron altar of Okawaru.
 12517 | D:10     | Noticed a glowing orange brain
 12730 | D:10     | Killed a glowing orange brain
 13596 | D:11     | Reached skill level 5 in Transmutations
 13638 | D:11     | Noticed a two-headed ogre
 13645 | D:11     | Killed a two-headed ogre
 13646 | D:11     | Reached skill level 10 in Invocations
 13646 | D:11     | Gained mutation: Your touch may irresistibly damage your
                  | foes and sap their willpower. [demonic ancestry]
 13646 | D:11     | Reached XP level 12. HP: 71/95 MP: 19/22
 14240 | D:12     | Noticed a boulder beetle
 14240 | D:12     | Found a staircase to the Orcish Mines.
 14249 | D:12     | Killed a boulder beetle
 14475 | D:11     | Identified a scroll of acquirement
 14475 | D:11     | Acquired the +2 hat of Defence {Rampage rC+ Will+ Int+5}
 14476 | D:11     | Slain by a skeletal warrior

Illustrated notes

Levels and vault maps discovered:
D:1:      scummos_arrival_star, layout_basic, minmay_misc_feat_diagonals,
          minmay_indecisive_spiral
D:2:      layout_basic, hellmonk_ecumenical_altar_blasted
D:3:      layout_loops_corners, lemuel_zombie_altar_yredelemnul,
          ebering_ghost_sewer_f, uniq_natasha
D:4:      layout_loops_ring, minmay_temple_entry_glassed_door, uniq_grinder
D:5:      layout_rooms, mainiacjoe_overflow_surrounded_room,
          nicolae_dithmenos_the_darkroom, mainiacjoe_overflow_large_starburst,
          serial_shops, nicolae_shop_trees
D:6:      layout_loops_ring, mainiacjoe_overflow_chevrons,
          chequers_serial_rivers_micro_b
D:7:      layout_basic, grunt_temple_overflow_opulence,
          nicolae_ru_the_path_less_chosen, uniq_menkaure, uniq_joseph,
          uniq_duvessa, uniq_maggie
D:8:      layout_basic, nicolae_uskayaw_en_pointe, marbit_many_paths,
          grunt_qazlal_sundering, erik_lair_orcish_takeover, st_stairs_4,
          hangedman_ranch, uniq_pikel, uniq_psyche
D:9:      kb_forest_paths, layout_long_grid, lemuel_tele_altar,
          mainiacjoe_overflow_six_doors_small, tgw_sif, serial_shops, shop,
          minmay_misc_feat_enclosed
D:10:     layout_basic, kennysheep_mini, kennysheep_island_fort
D:11:     layout_rooms
D:12:     minmay_guarded_unrand_guard, layout_rooms, orc_0_dummy, st_stairs_14

Skill      XL: |  1  2  3  4  5  6  7  8  9 10 11 |
---------------+----------------------------------+-----
Transmutations | 1 2 3 5 |  5.4
Poison Magic   | 4 5 6 |  6.0
Fire Magic     | 1 2 |  2.0
Air Magic      | 1 2 |  2.2
Fighting       | 3 4 5 7 8 9 |  9.5
Spellcasting   | 3 4 5 6 7 |  7.4
Stealth        | 3 5 |  5.5
Short Blades   | 2 4 5 7 |  7.4
Invocations    | 3 6 8 10 | 10.3
Dodging        | 2 |  2.0
Armour         | 3 4 |  4.0

Action                   |  1- 3 |  4- 6 |  7- 9 | 10-12 || total
-------------------------+-------+-------+-------+-------++-------
Melee: Dagger            |   104 |    46 |       |       ||   150
       Touch             |    15 |     8 |    30 |    35 ||    88
       Punch             |     2 |       |     2 |     3 ||     7
       Short sword       |       |    21 |    98 |    20 ||   139
       Rapier            |       |       |       |   121 ||   121
       Unarmed           |       |       |       |     7 ||     7
 Cast: Sting             |    31 |    33 |    21 |     8 ||    93
       Poisonous Vapours |     1 |    22 |    14 |    18 ||    55
       Ignite Poison     |       |    13 |    24 |    53 ||    90
       Olgreb's Toxic Ra |       |       |    14 |    21 ||    35
       Swiftness         |       |       |     1 |       ||     1
       Mephitic Cloud    |       |       |     2 |    10 ||    12
Invok: Shadow Step       |       |       |       |     1 ||     1
  Use: Scroll            |       |     8 |     3 |     7 ||    18
       Potion            |       |       |       |     2 ||     2
 Stab: Sleeping          |     7 |     3 |     3 |     9 ||    22
       Distracted        |       |       |       |     1 ||     1
Armor: Robe              |    17 |    12 |    17 |       ||    46
       Swamp dragon scal |       |       |       |    46 ||    46
       Skin              |       |       |       |     1 ||     1
Dodge: Dodged            |    49 |    45 |    50 |    78 ||   222

Table legend: (Time is in decaauts)
 A = Elapsed time spent in this place.
 B = Non-inter-level travel time spent in this place.
 C = Inter-level travel time spent in this place.
 D = Time resting spent in this place.
 E = Time spent auto-exploring this place.
 F = Levels seen in this place.
 G = Mean time per level.
                   A        B        C        D        E       F      G
               +--------+--------+--------+--------+--------+-----+--------+
         Total |  14468 |  13985 |    483 |   4143 |   7940 |  12 | 1205.7 |
       Dungeon |  14468 |  13985 |    483 |   4143 |   7940 |  12 | 1205.7 |
               +--------+--------+--------+--------+--------+-----+--------+

Top non-repeatable levels by time:
     D:1: 1619 daAuts
     D:9: 1617 daAuts
     D:3: 1510 daAuts
     D:6: 1509 daAuts
     D:7: 1453 daAuts
    D:10: 1397 daAuts
     D:8: 1328 daAuts
     D:4: 1205 daAuts
    D:11: 997 daAuts
     D:5: 991 daAuts
     D:2: 819 daAuts
    D:12: 17 daAuts
